 Dungeon Crawl Stone Soup version 0.20-a0-1018-ge435b50 (webtiles) character file.

2 Gorglomux the Charmwright (level 1, 0/11 HPs)
             Began as a Vine Stalker Skald on Apr 17, 2017.
             Slain by a leopard gecko (2 damage)
             ... on level 1 of the Dungeon.
             The game lasted 00:00:39 (39 turns).

Gorglomux the Charmwright (Vine Stalker Skald)        Turns: 39, Time: 00:00:40

Health: 0/11       AC:  3    Str: 13    XL:     1   Next: 40%
Magic:  0/4        EV: 11    Int: 13    God:
Gold:   0          SH:  0    Dex: 13    Spells: 3/4 levels left

rFire    . . .     SeeInvis .   a - +0 falchion
rCold    . . .     Gourm    .   (no shield)
rNeg     . . .     Faith    .   b - +0 leather armour
rPois    .         Spirit   +   (no helmet)
rElec    .         Reflect  .   (no cloak)
rCorr    .         Harm     .   (no gloves)
MR       .....                  (no boots)
Stlth    +.........             (no amulet)
Regen    0.1/turn               (no ring)
MPRegen  0.1/turn               (no ring)

@: infused, very slightly contaminated
A: fangs 2, magic shield, antimagic bite, no potion heal 3, rot immunity
a: no special abilities


You were on level 1 of the Dungeon.
You were not hungry.

You visited 1 branch of the dungeon, and saw 1 of its levels.

Inventory:

Hand Weapons
 a - a +0 falchion (weapon)
Armour
 b - a +0 leather armour (worn)
Books
 c - a book of Battle
Comestibles
 d - a bread ration {@e1@e1}


   Skills:
 - Level 1.7 Fighting
 + Level 2.0 Long Blades
 - Level 0.7 Armour
 - Level 1.5 Dodging
 - Level 2.1 Spellcasting
 - Level 3.0 Charms


You had 3 spell levels left.
You knew the following spells:

 Your Spells              Type           Power        Failure   Level  Hunger
a - Infusion              Chrm           #...         12%         1    ##.....


Dungeon Overview and Level Annotations

Branches:
Dungeon (1/15)

Altars:


Innate Abilities, Weirdness & Mutations

You have extremely sharp teeth.
When hurt, damage is shared between your health and your magic reserves.
Your bite disrupts and absorbs the magic of your enemies.
Potions cannot restore your health.
You are immune to rotting.


Message History

Welcome, Gorglomux the Vine Stalker Skald.
It is said that the Orb of Zot exists deep within this dungeon.
Found a staircase leading out of the dungeon.
As you open the large door, it creaks loudly!
There is a large open door here.
You see here 22 stones.
You open the large door.
There is a large open door here.
You open the large door.
There is a large open door here.
A leopard gecko comes into view.
The leopard gecko hisses angrily.
A leopard gecko is nearby!
You miscast Infusion.
You are very lightly contaminated with residual magic.
A jackal comes into view.
You now have 3/4 mp.
The jackal barks!
You barely miss the leopard gecko. Your bite misses the leopard gecko.
The leopard gecko bites you. The leopard gecko barely misses you.
You take 3 damage, and have 8/11 hp.
MASSIVE DAMAGE!!
You now have 2/4 mp.
You closely miss the leopard gecko. The leopard gecko bites you.
The jackal closely misses you.
A jackal and a kobold come into view.
You take 1 damage, and have 7/11 hp.
You now have 1/4 mp.
Unknown command.
You closely miss the leopard gecko.
The jackal barks!
The leopard gecko completely misses you.
The jackal bites you.
The leopard gecko completely misses you.
You riposte.
A kobold comes into view.
The kobold shouts!
You hit the leopard gecko.
You take 1 damage, and have 6/11 hp.
You now have 0/4 mp.
Unknown command.
The jackal barely misses you. The jackal closely misses you.
You don't have enough magic to cast that spell.
You hit the jackal but do no damage. You bite the jackal, but do no damage.
The jackal closely misses you.
You hit the jackal. Your bite misses the jackal.
The jackal bites you but does no damage.
The jackal bites you.
You barely miss the jackal. You bite the jackal. You drain its power.
You feel invigorated.
You kill the jackal!
The jackal closely misses you.
You regained 2 mp, and now have 2/4 mp.
You closely miss the jackal. Your bite misses the jackal.
The jackal bites you. x2
You take 2 damage, and have 4/11 hp.
You now have 1/4 mp.
You miss the jackal. The jackal closely misses you.
You riposte.
You hit the jackal. You bite the jackal. You drain its power.
You feel invigorated.
You regained 2 mp, and now have 3/4 mp.
You begin infusing your attacks with magical energy.
The jackal bites you.
* * * LOW HITPOINT WARNING * * *
The jackal bites you but does no damage.
You take 1 damage, and have 3/11 hp.
You now have 2/4 mp.
Unknown command.
You hit the jackal. Your bite misses the jackal. The jackal barely misses you.
You now have 1/4 mp.
You hit the jackal.
You kill the jackal!
Your Long Blades skill increases to level 2!
The leopard gecko bites you.
* * * LOW HITPOINT WARNING * * *
You take 1 damage, and have 2/11 hp.
You now have 0/4 mp.
You closely miss the leopard gecko. The leopard gecko bites you.
You die...

...........
#..........
#..........
#####..........
#<.##..........
###''###.........
#..(...##KK..####
#.§§≈≈.##l####
#.≈≈≈≈.##@#
#......##.#
###''###..#
#..##..##
#''#..## #....##
######


You could see a leopard gecko and 2 kobolds.

Vanquished Creatures
  2 jackals (D:1)
2 creatures vanquished.

Notes
Turn   | Place    | Note
-------+----------+-------------------------------------------
     0 | D:1      | Gorglomux the Vine Stalker Skald began the quest for the Orb.
     0 | D:1      | Reached XP level 1. HP: 11/11 MP: 4/4
    38 | D:1      | Reached skill level 2 in Long Blades
    38 | D:1      | HP: 2/11 [leopard gecko (1)]
    39 | D:1      | Slain by a leopard gecko

Vault maps used:
D:1:      lightli_arrival_lavapool, nicolae_ashenzari_panopticon

Skill      XL: |  1 |
---------------+----+-----
Long Blades    | 2 |  2.0
Fighting       | |  1.7
Armour         | |  0.7
Dodging        | |  1.5
Spellcasting   | |  2.1
Charms         | |  3.0

Action                   || total
-------------------------++-------
Melee: Falchion          ||    11
       Bite              ||     3
 Cast: Infusion          ||     1
Armor: Leather armour    ||     2
Dodge: Dodged            ||    10
       Rpst.: Falchion   ||     2

Vault maps used:
D:1:      lightli_arrival_lavapool, nicolae_ashenzari_panopticon

Table legend:
 A = Turns spent in this place as a percentage of turns spent in the entire game.
 B = Non-inter-level travel turns spent in this place as a percentage of non-inter-level travel turns spent in the entire game.
 C = Inter-level travel turns spent in this place as a percentage of turns spent in this place.
 D = Turns resting spent in this place as a percentage of non-inter-level travel turns spent in this place.
 E = Turns spent auto-exploring this place as a percentage of non-inter-level travel turns spent in this place.
 F = Non-inter-level travel turns spent in this place divided by the number of levels of this place that you've seen.
                   A       B       C       D       E      F
               +-------+-------+-------+-------+-------+----------------------
         Total | 100.0 | 100.0 |   0.0 |   0.0 |   4.0 |  25.0
       Dungeon | 100.0 | 100.0 |   0.0 |   0.0 |   4.0 |  25.0
               +-------+-------+-------+-------+-------+----------------------

Table legend:
 A = Kills in this place as a percentage of kills in entire the game.
 B = Kills by you in this place as a percentage of kills by you in the entire game.
 C = Kills by friends in this place as a percentage of kills by friends in the entire game.
 D = Other kills in this place as a percentage of other kills in the entire game.
 E = Experience gained in this place as a percentage of experience gained in the entire game.
 F = Experience gained in this place divided by the number of levels of this place that you have seen.
                   A       B       C       D       E      F
               +-------+-------+-------+-------+-------+----------------------
         Total | 100.0 | 100.0 |  -nan |  -nan | 100.0 |   4.0
       Dungeon | 100.0 | 100.0 |  -nan |  -nan | 100.0 |   4.0
               +-------+-------+-------+-------+-------+----------------------
